 Dungeon Crawl Stone Soup version 0.26-a0-597-gb535b0901c (webtiles) character file.

Game seed: 637819794252826946

71 Alarkh the Martial Artist (level 4, 33/35 HPs)
             Began as a Demonspawn Monk on Sept 3, 2020.
             Got out of the dungeon alive.
             The game lasted 00:01:00 (1058 turns).

Alarkh the Martial Artist (Demonspawn Monk)         Turns: 1058, Time: 00:01:01

Health: 33/35      AC:  4    Str: 17    XL:     4   Next: 5%
Magic:  4/4        EV: 13    Int: 12    God:
Gold:   107        SH:  0    Dex: 16    Spells: 3/3 levels left

rFire    . . .     SeeInvis .     - Unarmed
rCold    . . .     Faith    .   (no shield)
rNeg     . . .     Spirit   .   a - +0 robe
rPois    .         Reflect  .   (no helmet)
rElec    .         Harm     .   (no cloak)
rCorr    .                      (no gloves)
MR       .....                  (no boots)
Stlth    ++........             (no amulet)
HPRegen  0.11/turn              i - +6 ring of strength
MPRegen  0.09/turn              (no ring)

@: no status effects
A: claws 1, slimy green scales 1, demonic guardian 1
a: no special abilities


You escaped.
You visited 1 branch of the dungeon, and saw 2 of its levels.

You collected 107 gold pieces.

Inventory:

Armour
 a - a +0 robe (worn)
Jewellery
 i - a +6 ring of strength (left claw)
Scrolls
 b - a scroll of remove curse {unknown}
 c - a scroll of blinking {unknown}
 d - a scroll of magic mapping {unknown}
 e - a scroll of identify {unknown}
 f - a scroll of fear {unknown}
 h - a scroll of amnesia {unknown}
 k - a scroll of immolation {unknown}
Potions
 g - a potion of experience
 j - a potion of brilliance {unknown}
 l - a potion of haste
 m - 2 potions of berserk rage {unknown}


   Skills:
 + Level 3.3 Fighting
 - Level 2.6 Dodging
 - Level 1.7 Stealth
 * Level 9.1 Unarmed Combat


You had 3 spell levels left.
You didn't know any spells.
Your spell library was empty.

Dungeon Overview and Level Annotations

Branches:
Dungeon (2/15)

Altars:


Innate Abilities, Weirdness & Mutations

You have sharp fingernails.
You are partially covered in slimy green scales. (AC +2)
A weak demonic guardian rushes to your aid.


Message History

You scratch the hobgoblin.
You kill the hobgoblin!
You mangle the adder!!
You kill the adder!
You have reached level 4!
You feel agile.
Your demonic ancestry asserts itself...
Slimy green scales grow over part of your body.
The bat barely misses you.
You scratch the bat.
You kill the bat!
No target in view!
No target in view!
There is a stone staircase leading up here.
You climb upwards.
There is a stone staircase leading down here.
You see here 9 sling bullets.
There is an open door here.
There is a staircase leading out of the dungeon here.
Are you sure you want to leave the Dungeon?
This will make you lose the game!
You have escaped!

...# #.# #..# ...#
########.# ##.# ...#
#........# #.# ..>#
#####'#####..# #.# .#.#
#.........#.## #.# ##.#
#.........#.# #.# ##.#
#..⌠...⌠..#.# #.# ...#
###.........#.# #.#
##.# #.'....@....+.#
#.# #.# #.#.........###
#.# #.# #.#..⌠...⌠..#
#.# ##.# #.#.........#
#.# ...# #.#.........#
#.# ..## #.#####'######
#.#
..########.##.##....#.#
#.#
..##..........#####.#.#
#.# .......########
#.#.# #.#


There were no monsters in sight!

Vanquished Creatures
  An adder (D:2)
  2 dart slugs (D:1)
  A giant cockroach (D:2)
  A goblin (D:2)
  2 hobgoblins
  2 kobolds
  A ball python (D:2)
  2 bats
  A frilled lizard (D:1)
  A rat (D:1)
14 creatures vanquished.

Vanquished Creatures (collateral kills)
  Terence (D:2)
1 creature vanquished.

Grand Total: 15 creatures vanquished

Notes
Turn   | Place    | Note
-------+----------+-------------------------------------------
     0 | D:1      | Alarkh the Demonspawn Monk began the quest for the Orb.
     0 | D:1      | Reached XP level 1. HP: 18/18 MP: 1/1
   243 | D:1      | Reached skill level 3 in Unarmed Combat
   318 | D:1      | Gained mutation: You have sharp fingernails. [demonic
                  | ancestry]
   318 | D:1      | Reached XP level 2. HP: 20/24 MP: 2/2
   763 | D:2      | Noticed Terence
   765 | D:2      | Reached skill level 9 in Unarmed Combat
   765 | D:2      | Gained mutation: A weak demonic guardian rushes to your
                  | aid. [demonic ancestry]
   765 | D:2      | Reached XP level 3. HP: 29/29 MP: 3/3
   771 | D:2      | Killed Terence
  1027 | D:2      | Gained mutation: You are partially covered in slimy green
                  | scales. (AC +2) [demonic ancestry]
  1027 | D:2      | Reached XP level 4. HP: 30/35 MP: 4/4
  1058 | D:$      | Got out of the dungeon alive.

Illustrated notes

Levels and vault maps discovered:
D:1:      mushboom_english_gardens, layout_loops_ring
D:2:      layout_loops_cross, kennysheep_okawaru_gauntlet,
          kennysheep_generic_room_8, uniq_terence

Skill      XL: |  1  2 |
---------------+-------+-----
Unarmed Combat | 3 9 |  9.1
Fighting       | |  3.3
Dodging        | |  2.6
Stealth        | |  1.7

Action                   |  1- 3 |  4- 6 || total
-------------------------+-------+-------++-------
Melee: Unarmed           |    43 |     1 ||    44
  Use: Potion            |     1 |       ||     1
 Stab: Sleeping          |     3 |       ||     3
Armor: Robe              |     6 |       ||     6
Dodge: Dodged            |    26 |     1 ||    27

Table legend: (Time is in decaauts)
 A = Elapsed time spent in this place.
 B = Non-inter-level travel time spent in this place.
 C = Inter-level travel time spent in this place.
 D = Time resting spent in this place.
 E = Time spent auto-exploring this place.
 F = Levels seen in this place.
 G = Mean time per level.
                   A        B        C        D        E       F      G
               +--------+--------+--------+--------+--------+-----+--------+
         Total |   1055 |   1016 |     39 |    226 |    677 |   2 |  527.5 |
       Dungeon |   1055 |   1016 |     39 |    226 |    677 |   2 |  527.5 |
               +--------+--------+--------+--------+--------+-----+--------+

Top non-repeatable levels by time:
     D:1: 669 daAuts
     D:2: 385 daAuts
